 Dungeon Crawl Stone Soup version 0.25-a0-424-g80bd347ae0 (webtiles) character file.

Game seed: 2916581550987668518, levelgen mode: deterministic

8 Kohma the Stinger (level 2, -1/24 HPs)
             Began as a Naga Venom Mage on Jan 23, 2020.
             Slain by a jackal (3 damage)
             ... on level 1 of the Dungeon.
             The game lasted 00:01:11 (197 turns).

Kohma the Stinger (Naga Venom Mage)                  Turns: 197, Time: 00:01:11

Health: -1/24      AC:  1    Str: 10    XL:     2   Next: 8%
Magic:  0/5        EV: 10    Int: 15    God:
Gold:   22         SH:  0    Dex: 11    Spells: 4/5 levels left

rFire    . . .     SeeInvis +   e - +0 dagger
rCold    . . .     Gourm    .   (no shield)
rNeg     . . .     Faith    .   a - +0 robe
rPois    +         Spirit   .   (no helmet)
rElec    .         Reflect  .   (no cloak)
rCorr    .         Harm     .   (no gloves)
MR       .....                  (no barding)
Stlth    ++........             (no amulet)
HPRegen  0.08/turn              (no ring)
MPRegen  0.09/turn              (no ring)

@: very slow
A: large, see invisible, deformed body, poison resistance, slowness 2, slow
metabolism 1, spit poison 1, AC +0
a: Spit Poison


You were on level 1 of the Dungeon.
You were not hungry.

You visited 1 branch of the dungeon, and saw 1 of its levels.

You collected 22 gold pieces.

Inventory:

Hand Weapons
 e - a +0 dagger (weapon)
Missiles
 b - 28 stones (quivered)
Armour
 a - a +0 robe (worn)
Comestibles
 c - a ration
 d - 5 chunks of flesh


   Skills:
 + Level 0.4 Fighting
 - Level 1.5 Dodging
 - Level 3.0 Stealth
 * Level 2.2 Spellcasting
 - Level 1.0 Transmutations
 * Level 4.3 Poison Magic


You had 4 spell levels left.
You knew the following spells:

 Your Spells              Type           Power        Failure   Level  Hunger
a - Sting                 Tmut/Pois      #...         8%          1    #......

Your spell library contained the following spells:

 Spells                   Type           Power        Failure   Level  Hunger
 Poisonous Vapours        Pois/Air       #.....       14%         2    ###....
 Ignite Poison            Fire/Tmut/Pois #.......     30%         3    ###....
 Mephitic Cloud           Conj/Pois/Air  #.......     34%         3    ###....
 Olgreb's Toxic Radiance  Pois           ##......     36%         4    #####..


Dungeon Overview and Level Annotations

Branches:
Dungeon (1/15)

Altars:


Innate Abilities, Weirdness & Mutations

You cannot wear boots.
Your serpentine skin is tough. (AC +0)
You have supernaturally acute eyesight. (SInv)
Armour fits poorly on your strangely shaped body.
Your system is resistant to poisons. (rPois)
You cover ground very slowly.
You have a slow metabolism.
You can spit poison.


Message History

The jackal bites you but does no damage.
Casting: Sting (safe; 8% risk of failure)
Confirm with . or Enter, or press ? or * to list all spells.
Aiming: Sting (safe; 8% risk of failure)
Press: ? - help, Shift-Dir - straight line, f/p - jackal
Aim: a jackal (severely wounded)
The sting hits the jackal.
The jackal is poisoned.
You kill the jackal!
The jackal barely misses you. The jackal closely misses you.
You hit the kobold.
The kobold is moderately wounded.
The jackal completely misses you.
The kobold hits you with a +0 short sword!
* * * LOW HITPOINT WARNING * * *
You barely miss the kobold.
The kobold is moderately wounded.
The jackal bites you.
* * * LOW HITPOINT WARNING * * *
The kobold closely misses you. The jackal bites you.
You die...

....... ....... ... ....... ..
.......## #. ......### #.
#......##### ####. #.Kh#......
#≈§≈§ #@....##. #≈§≈§ ##.........
#>≈≈≈ ###############...#.##.$...
#≈§§≈ ................#....#
#..##≈§§. .........#####....#....
#..#####.
.........).....#.....#.##..# ###.
.........####......#...#...###...
.........# #.......#............
.........# #..##.#.#.#..........


You could see a jackal and a kobold.

Vanquished Creatures
  2 giant cockroaches (D:1)
  A hobgoblin (D:1)
  2 jackals (D:1)
  A kobold (D:1)
  A rat (D:1)
7 creatures vanquished.

Notes
Turn   | Place    | Note
-------+----------+-------------------------------------------
     0 | D:1      | Kohma the Naga Venom Mage began the quest for the Orb.
     0 | D:1      | Reached XP level 1. HP: 15/15 MP: 3/3
   185 | D:1      | Reached XP level 2. HP: 20/24 MP: 1/5
   197 | D:1      | Slain by a jackal

Levels and vault maps discovered:
D:1:      grunt_arrival_lava_bath, layout_rooms

Action                   || total
-------------------------++-------
Melee: Unarmed           ||     7
       Dagger            ||    11
 Cast: Sting             ||    11
Armor: Robe              ||     3
Dodge: Dodged            ||    15

Table legend:
 A = Non-vault XP
 B = Vault XP
 C = Vault XP percentage of total XP
 D = Non-vault monster count
 E = Vault monster count
 F = Vault count percentage of total count
                 A         B        C        D         E       F
            +---------+---------+-------+---------+---------+-------
      Total |      12 |       0 |   0.0 |       7 |       0 |   0.0
            +---------+---------+-------+---------+---------+-------
        D:1 |      12 |       0 |   0.0 |       7 |       0 |   0.0
            +---------+---------+-------+---------+---------+-------
